 Dungeon Crawl Stone Soup version 0.25-a0-110-ge29c8f2358 (console) character file.

Game seed: 4058475665909740597, levelgen mode: deterministic

91 Kagalorn the Caller (level 4, -4/32 HPs)
             Began as a Gnoll Summoner on Nov 19, 2019.
             Was an Initiate of Cheibriados.
             Slain by a wight
             ... wielding a cursed +5 spear
              (8 damage)
             ... on level 2 of the Dungeon.
             The game lasted 00:05:11 (1674 turns).

Kagalorn the Caller (Gnoll Summoner)                Turns: 1674, Time: 00:05:12

Health: -4/32      AC:  5    Str: 11    XL:     4   Next: 59%
Magic:  0/11       EV: 14    Int: 19    God:    Cheibriados [......]
Gold:   46         SH:  0    Dex: 17    Spells: 9/13 levels left

rFire    . . .     SeeInvis .   f - +0 hand axe
rCold    . . .     Gourm    .   (no shield)
rNeg     . . .     Faith    .   a - +0 robe
rPois    +         Spirit   .   (no helmet)
rElec    .         Reflect  .   p - +2 cloak {rPois}
rCorr    .         Harm     .   (no gloves)
MR       .....                  (no boots)
Stlth    +++.......             (no amulet)
HPRegen  0.10/turn              (no ring)
MPRegen  0.12/turn              (no ring)

@: lightly drained, very slow
A: distributed training, fangs 1, strong nose
a: Bend Time, Renounce Religion


You were on level 2 of the Dungeon.
You worshipped Cheibriados.
Cheibriados was noncommittal.
You were very hungry.

You visited 1 branch of the dungeon, and saw 3 of its levels.

You collected 46 gold pieces.

Inventory:

Hand Weapons
 f - a +0 hand axe (weapon)
Missiles
 b - 21 bolts
 d - 16 poisoned darts (quivered)
 g - 22 sling bullets
 h - 92 stones
 o - 8 curare-tipped darts
Armour
 a - a +0 robe (worn)
 k - a +0 buckler
 p - a +2 cloak of poison resistance (worn)
Scrolls
 e - 2 scrolls of identify {unknown}
 j - a scroll of immolation {unknown}
Potions
 i - 2 potions of curing {unknown}
 l - a potion of haste {unknown}
 m - a potion of brilliance {unknown}
Comestibles
 c - 3 rations


   Skills:
 + Level 1.1(0.7) Fighting
 + Level 1.1(0.7) Short Blades
 + Level 1.1(0.7) Long Blades
 + Level 1.1(0.7) Axes
 + Level 1.1(0.7) Maces & Flails
 + Level 1.1(0.7) Polearms
 + Level 1.1(0.7) Staves
 + Level 1.1(0.7) Slings
 + Level 1.1(0.7) Bows
 + Level 1.1(0.7) Crossbows
 + Level 1.1(0.7) Throwing
 + Level 1.1(0.7) Armour
 + Level 4.6(4.2) Dodging
 + Level 4.2(3.8) Stealth
 + Level 1.1(0.7) Shields
 + Level 1.1(0.7) Unarmed Combat
 + Level 5.1(4.6) Spellcasting
 + Level 0.9(0.5) Conjurations
 + Level 0.9(0.5) Hexes
 + Level 0.9(0.5) Charms
 + Level 7.1(6.6) Summonings
 + Level 0.9(0.5) Necromancy
 + Level 0.9(0.5) Translocations
 + Level 0.9(0.5) Transmutations
 + Level 0.9(0.5) Fire Magic
 + Level 0.9(0.5) Ice Magic
 + Level 0.9(0.5) Air Magic
 + Level 0.9(0.5) Earth Magic
 + Level 0.9(0.5) Poison Magic
 + Level 1.2(0.8) Invocations
 + Level 1.1(0.7) Evocations


You had 9 spell levels left.
You knew the following spells:

 Your Spells              Type           Power        Failure   Level  Hunger
a - Call Canine Familiar  Summ           ####....     2%          3    ###....
b - Summon Small Mammal   Summ           ####         1%          1    None

Your spell library contained the following spells:

 Spells                   Type           Power        Failure   Level  Hunger
 Call Imp                 Summ           ####....     1%          2    #......
 Summon Guardian Golem    Hex/Summ       ###.....     9%          3    ###....
 Summon Ice Beast         Ice/Summ       ###.....     28%         4    ####...
 Summon Lightning Spire   Summ/Air       ###.....     28%         4    ####...


Dungeon Overview and Level Annotations

Branches:
Dungeon (3/15)

Altars:
Cheibriados
Qazlal
Ru


Innate Abilities, Weirdness & Mutations

Your experience applies equally to all skills.
You have very sharp teeth.
Your uncanny sense of smell can sniff out nearby items.


Message History

The wight hits you from afar with a cursed +5 spear.
* * * LOW HITPOINT WARNING * * *
Your hound bites the wight.
The wight closely misses your hound.
Your hound closely misses the wight.
Your hound barely misses the wight.
The wight misses your hound.
Your hound bites the wight but does no damage.
Your hound bites the wight.
The wight hits your hound with a cursed +5 spear.
The wight drains your hound.
Your hound closely misses the wight.
The wight closely misses your hound.
Your hound bites the wight but does no damage.
The wight hits your hound with a cursed +5 spear!
Your hound dies!
Your hound's corpse disappears in a puff of smoke!
The wight closely misses you.
Casting: Call Canine Familiar (safe; 2% risk of failure)
Confirm with . or Enter, or press ? or * to list all spells.
You are feeling very hungry.
The wight hits you from afar with a cursed +5 spear!
You die...

####### ##### #####...@h# #....
###......##.# #####.###
#........##z# #.....##.
######.#......##.# #.....#..
#................# #.....#..
#.............#### #......#.
#.............##########........
#....)...>......................
#.........#.############........


You could see a wight and a friendly hound.

Vanquished Creatures
  A worm (D:2)
  A leopard gecko (D:2)
  4 bats
  2 giant cockroaches
  3 hobgoblins (D:2)
  3 jackals (D:2)
  6 kobolds
  2 frilled lizards
  4 goblins
  5 rats
31 creatures vanquished.

Vanquished Creatures (collateral kills)
  2 wights (D:3)
  2 adders (D:2)
  A goblin (D:1)
  A jackal (D:2)
  A frilled lizard (D:2)
7 creatures vanquished.

Grand Total: 38 creatures vanquished

Notes
Turn   | Place    | Note
-------+----------+-------------------------------------------
     0 | D:1      | Kagalorn the Gnoll Summoner began the quest for the Orb.
     0 | D:1      | Reached XP level 1. HP: 13/13 MP: 6/6
   544 | D:1      | Reached XP level 2. HP: 17/19 MP: 7/7
  1096 | D:2      | Reached XP level 3. HP: 23/25 MP: 9/9
  1163 | D:2      | Reached skill level 5 in Spellcasting
  1212 | D:2      | Learned a level 3 spell: Call Canine Familiar
  1464 | D:2      | Reached skill level 1 in Invocations
  1514 | D:2      | Found a stormy altar of Qazlal.
  1514 | D:2      | Found a snail-covered altar of Cheibriados.
  1515 | D:2      | Found a sacrificial altar of Ru.
  1523 | D:2      | Became a worshipper of Cheibriados the Contemplative
  1647 | D:3      | Reached skill level 1 in Fighting
  1647 | D:3      | Reached skill level 1 in Short Blades
  1647 | D:3      | Reached skill level 1 in Long Blades
  1647 | D:3      | Reached skill level 1 in Axes
  1647 | D:3      | Reached skill level 1 in Maces & Flails
  1647 | D:3      | Reached skill level 1 in Polearms
  1647 | D:3      | Reached skill level 1 in Staves
  1647 | D:3      | Reached skill level 1 in Slings
  1647 | D:3      | Reached skill level 1 in Bows
  1647 | D:3      | Reached skill level 1 in Crossbows
  1647 | D:3      | Reached skill level 1 in Throwing
  1647 | D:3      | Reached skill level 1 in Armour
  1647 | D:3      | Reached skill level 1 in Shields
  1647 | D:3      | Reached skill level 1 in Unarmed Combat
  1647 | D:3      | Reached skill level 1 in Evocations
  1647 | D:3      | Reached XP level 4. HP: 32/32 MP: 2/11
  1674 | D:2      | Slain by a wight

Levels and vault maps discovered:
D:1:      dpeg_arrival_water_altar, layout_basic
D:2:      layout_basic, gammafunk_temple_overflow_claw, minmay_misc_feat_square
D:3:      lemuel_castle_with_subvaults [lemuel_castle_interior_carwin_2],
          layout_loops_ring, gammafunk_ghost_smash, dk_yredelemnul_ordeal

Skill      XL: |  1  2  3 |
---------------+----------+-----
Spellcasting   | 5 |  5.1
Invocations    | 1 |  1.2
Fighting       | 1 |  1.1
Short Blades   | 1 |  1.1
Long Blades    | 1 |  1.1
Axes           | 1 |  1.1
Maces & Flails | 1 |  1.1
Polearms       | 1 |  1.1
Staves         | 1 |  1.1
Slings         | 1 |  1.1
Bows           | 1 |  1.1
Crossbows      | 1 |  1.1
Throwing       | 1 |  1.1
Armour         | 1 |  1.1
Shields        | 1 |  1.1
Unarmed Combat | 1 |  1.1
Evocations     | 1 |  1.1
Dodging        | |  4.6
Stealth        | |  4.2
Conjurations   | |  0.9
Hexes          | |  0.9
Charms         | |  0.9
Summonings     | |  7.1
Necromancy     | |  0.9
Translocations | |  0.9
Transmutations | |  0.9
Fire Magic     | |  0.9
Ice Magic      | |  0.9
Air Magic      | |  0.9
Earth Magic    | |  0.9
Poison Magic   | |  0.9

Action                   |  1- 3 |  4- 6 || total
-------------------------+-------+-------++-------
Melee: Hand axe          |   111 |     2 ||   113
       Unarmed           |    17 |       ||    17
       Bite              |     8 |     1 ||     9
 Cast: Summon Small Mamm |     7 |       ||     7
       Call Canine Famil |     4 |     2 ||     6
 Stab: Sleeping          |     4 |       ||     4
  Eat: Chunk             |     2 |       ||     2
Armor: Robe              |    25 |     2 ||    27
Dodge: Dodged            |   129 |     5 ||   134

Table legend:
 A = Non-vault XP
 B = Vault XP
 C = Vault XP percentage of total XP
 D = Non-vault monster count
 E = Vault monster count
 F = Vault count percentage of total count
                 A         B        C        D         E       F
            +---------+---------+-------+---------+---------+-------
      Total |     131 |       0 |   0.0 |      38 |       0 |   0.0
            +---------+---------+-------+---------+---------+-------
        D:1 |      14 |       0 |   0.0 |      11 |       0 |   0.0
        D:2 |      60 |       0 |   0.0 |      24 |       0 |   0.0
        D:3 |      57 |       0 |   0.0 |       3 |       0 |   0.0
            +---------+---------+-------+---------+---------+-------
